 Dungeon Crawl Stone Soup version 0.31-a0-1074-g0b22e4e0f1 (webtiles) character file.

Game seed: 3356277630816700997

1663 horus123 the Thaumaturge (level 8, -3/41 HPs)
             Began as a Deep Elf Conjurer on Dec 6, 2023.
             Was an Initiate of Vehumet.
             Engulfed by a steam dragon's steam (7 damage)
             ... on level 6 of the Dungeon.
             The game lasted 00:09:48 (4959 turns).

horus123 the Thaumaturge (Deep Elf Conjurer)        Turns: 4959, Time: 00:09:48

Health: -3/41      AC:  3    Str:  4    XL:     8   Next: 69%
Magic:  18/23      EV: 12    Int: 26    God:    Vehumet [......]
Gold:   343        SH:  0    Dex: 13    Spells: 5/25 levels left

rFire   . . .        l - +0 short sword
rCold   + . .        (no shield)
rNeg    + . .        a - +0 robe
rPois   .            (no helmet)
rElec   .            v - +0 cloak
rCorr   .            (no gloves)
SInv    .            (no boots)
Will    .....        u - amulet of faith
Stlth   ++           t - ring of protection from cold
HPRegen 0.26/turn    y - ring of positive energy
MPRegen 0.18/turn

%: faith
@: no status effects
A: no striking features
a: Renounce Religion


You were on level 6 of the Dungeon.
You worshipped Vehumet.
Vehumet was noncommittal.
You visited 2 branches of the dungeon, and saw 7 of its levels.

You collected 343 gold pieces.

Inventory:

Hand Weapons
 d - a +0 dagger
 l - a +0 short sword (weapon)
Armour
 a - a +0 robe (worn)
 v - a +0 cloak (worn)
Magical Staves
 A - a staff of cold
Jewellery
 t - a ring of protection from cold (left hand)
 u - an amulet of faith (around neck)
 y - a ring of positive energy (right hand)
Wands
 j - a wand of polymorph (7)
 q - a wand of flame (13)
 s - a wand of charming (15)
Scrolls
 b - a scroll of identify
 e - 2 scrolls of fog
 i - a scroll of torment
 m - 2 scrolls of fear
 p - 2 scrolls of vulnerability
 r - a scroll of blinking {unknown}
 x - 4 scrolls of teleportation {unknown}
 z - a scroll of noise {unknown}
Potions
 c - a potion of berserk rage
 f - a potion of curing
 g - a potion of enlightenment {unknown}
 h - a potion of mutation {unknown}
 k - a potion of resistance {unknown}
 n - 3 potions of invisibility {unknown}
 o - a potion of haste {unknown}
 w - a potion of ambrosia {unknown}


   Skills:
 - Level 2.4 Dodging
 - Level 2.4 Stealth
 - Level 9.0 Spellcasting
 - Level 8.0 Conjurations
 - Level 5.3 Hexes
 + Level 5.4 Translocations


You had 5 spell levels left.
You knew the following spells:

 Your Spells              Type           Power      Damage    Failure   Level
a - Magic Dart            Conj           100%       1d8       1%          1
b - Searing Ray           Conj           100%       2d8       1%          2
c - Dazzling Flash        Conj/Hex       92%        N/A       1%          3
d - Fulminant Prism       Conj/Hex       23%        3d12      3%          4
e - Iskenderun's Mystic   Conj/Tloc      46%        2d10      3%          4
f - Dispersal             Tloc           20%        N/A       63%         6

Your spell library contained the following spells:

 Spells                   Type           Power      Damage    Failure   Level
 Gell's Gravitas          Tloc           40%        N/A       1%          3
 Teleport Other           Tloc           40%        N/A       1%          3


Dungeon Overview and Level Annotations

Branches:
Dungeon (6/15)             Temple (1/1) D:6

Altars:
Cheibriados
Dithmenos
Elyvilon
Fedhas
Gozag
Hepliaklqana
Kikubaaqudgha
Makhleb
Ru
Sif Muna
Trog
Uskayaw
Vehumet
Wu Jian
Xom
Yredelemnul
Zin
The Shining One

Shops:
D:1 =   D:4 *

Annotations:
D:3 1 runed translucent door, otakuarchivist's ghost, amateur DrSh


Message History

Aiming: Searing Ray (safe; 1% risk of failure)
Press: ? - help, Shift-Dir - straight line, f/p - gnoll
Aim: a gnoll, wielding a +0 spear (85% to hit)
The searing ray hits the gnoll!
The gnoll is severely wounded. (Press . to maintain the ray.)
The searing ray hits the gnoll.
The gnoll is almost dead.
The gnoll hits you from afar with a +0 spear.
The searing ray hits the gnoll.
You kill the gnoll!
Vehumet accepts your kill.
You see here a +0 antimagic flail.
Things that are here:
a +0 spear; a gnoll corpse A steam dragon comes into view.
The magic dart hits the steam dragon.
The steam dragon is lightly wounded.
The steam dragon hisses angrily.
The magic dart hits the steam dragon.
The steam dragon is lightly wounded.
The magic dart hits the steam dragon.
The steam dragon is moderately wounded.
Casting: Magic Dart (safe; 1% risk of failure)
Confirm with . or Enter, or press ? or * to list all spells.
Aiming: Searing Ray (safe; 1% risk of failure)
Press: ? - help, Shift-Dir - straight line, f/p - steam dragon
Aim: a steam dragon (moderately wounded, 83% to hit)
The searing ray hits the steam dragon!
The steam dragon is heavily wounded. (Press . to maintain the ray.)
The steam dragon breathes steam at you. The ball of steam hits you!
You are engulfed in a cloud of scalding steam.
The steam dragon breathes steam at you. The ball of steam hits you!
* * * LOW HITPOINT WARNING * * *
You hear an angry hiss.
You are engulfed in a cloud of scalding steam.
You die...

.....#####...#)...####......#
.....# ###.....#....##.######
..†..# #.......####.##.#
###...##...###..# #.##.#
....)...... ##.# #.##.#
......... #.# #.)..#
........# #.# ######
.......## #.####### ##.....#
#§@§§§§D# ...# #######§§.#
##..... D... ... .. .


There were no monsters in sight!

Vanquished Creatures
  Sigmund (D:6)
  A water moccasin (D:5)
  A black bear (D:6)
  5 ogres
  A phantom (D:4)
  2 gnoll sergeants (D:6)
  A bullfrog (D:6)
  A scorpion (D:6)
  A howler monkey (D:6)
  2 hounds
  A jelly (D:4)
  3 orc priests
  A sleepcap (D:6)
  7 adders
  16 gnolls
  A white imp (D:6)
  2 ufetubi (D:5)
  2 dart slugs
  6 orcs
  3 bats
  2 endoplasms
  3 giant cockroaches
  7 goblins
  8 hobgoblins
  11 jackals
  6 kobolds
  3 quokkas
  6 ball pythons
  4 frilled lizards
  A rat (D:2)
109 creatures vanquished.

Notes
Turn   | Place    | Note
-------+----------+-------------------------------------------
     0 | D:1      | horus123 the Deep Elf Conjurer began the quest for the Orb.
     0 | D:1      | Reached XP level 1. HP: 10/10 MP: 6/6
   188 | D:1      | Reached skill level 4 in Spellcasting
   188 | D:1      | Reached XP level 2. HP: 15/15 MP: 3/9
   646 | D:1      | Found Wovvyn's Jewellery Shop.
   793 | D:2      | Reached skill level 5 in Spellcasting
   793 | D:2      | Reached XP level 3. HP: 19/19 MP: 5/11
   877 | D:2      | Learned a level 2 spell: Searing Ray
   881 | D:2      | Learned a level 3 spell: Dazzling Flash
   966 | D:2      | Reached skill level 5 in Conjurations
  1141 | D:2      | Reached XP level 4. HP: 24/24 MP: 11/13
  1496 | D:3      | Found a shadowy altar of Dithmenos.
  1811 | D:3      | Reached XP level 5. HP: 28/28 MP: 8/14
  2001 | D:3      | Learned a level 4 spell: Fulminant Prism
  2006 | D:3      | Learned a level 4 spell: Iskenderun's Mystic Blast
  2062 | D:3      | Found an ornate altar of the Wu Jian Council.
  2241 | D:3      | Found a runed translucent door.
  2243 | D:3      | Noticed otakuarchivist's ghost (amateur DrSh)
  2417 | D:4      | Noticed an ogre
  2421 | D:4      | Killed an ogre
  2465 | D:4      | Found Meqoth's Lightly-Used Armoury.
  2522 | D:4      | Reached XP level 6. HP: 32/32 MP: 10/15
  2762 | D:4      | Reached skill level 1 in Hexes
  2903 | D:4      | Reached XP level 7. HP: 35/36 MP: 7/16
  3196 | D:4      | Found a shimmering altar of Xom.
  3337 | D:5      | Entered Level 5 of the Dungeon
  3686 | D:5      | Found a basalt altar of Yredelemnul.
  3705 | D:5      | Reached skill level 5 in Hexes
  3937 | D:5      | Reached skill level 6 in Spellcasting
  3978 | D:5      | Reached skill level 7 in Spellcasting
  4280 | D:6      | Reached skill level 8 in Spellcasting
  4280 | D:6      | Reached XP level 8. HP: 41/41 MP: 16/22
  4344 | D:6      | Learned a level 6 spell: Dispersal
  4422 | D:6      | Found a staircase to the Ecumenical Temple.
  4456 | D:6      | Noticed Sigmund
  4472 | D:6      | Reached skill level 9 in Spellcasting
  4472 | D:6      | Reached skill level 1 in Translocations
  4474 | D:6      | Killed Sigmund
  4608 | Temple   | Entered the Ecumenical Temple
  4631 | Temple   | Became a worshipper of Vehumet
  4799 | D:6      | Reached skill level 5 in Translocations
  4959 | D:6      | Engulfed by a steam dragon's steam

Illustrated notes

Levels and vault maps discovered:
D:1:      amcnicky_arrival_double_pillar, layout_rooms, serial_shops, shop
D:2:      layout_basic
D:3:      layout_basic, grunt_dithmenos_smoke, mainiacjoe_overflow_alcove_4,
          ebering_ghost_reflecting_pool, palyth_stone_intersect
D:4:      layout_rooms, minmay_shop_damaged, eino_tiny_chamber,
          grunt_ministairs_13, minmay_ruined_shrine
D:5:      layout_basic, yredelemnul_altar_generic, serial_curves,
          eino_curves_04, eino_curves_03, corexii_corridor_pit,
          dreamdust_mushroom_princess, corexii_corridor_pit
D:6:      layout_rooms, lemuel_coloured_pillars_altar, minmay_temple_entry_tees,
          uniq_grinder, uniq_duvessa, uniq_sigmund
Temple:   eino_wide_crystal_templ

Skill      XL: |  1  2  3  4  5  6  7  8 |
---------------+-------------------------+-----
Spellcasting   | 4 5 8 9 |  9.0
Conjurations   | 5 6 7 8 |  8.0
Hexes          | 3 5 |  5.3
Translocations | 5 |  5.4
Dodging        | |  2.4
Stealth        | |  2.4

Action                     |  1- 3 |  4- 6 |  7- 9 || total
---------------------------+-------+-------+-------++-------
  Melee: Short sword       |       |     3 |       ||     3
   Cast: Magic Dart        |    67 |    63 |    55 ||   185
         Searing Ray       |       |    11 |    21 ||    32
    Use: Scroll            |       |     5 |     1 ||     6
         Potion            |       |     1 |     2 ||     3
 Armour: Robe              |     8 |     9 |    30 ||    47
  Dodge: Dodged            |     5 |    12 |    11 ||    28

Table legend: (Time is in decaauts)
 A = Elapsed time spent in this place.
 B = Non-inter-level travel time spent in this place.
 C = Inter-level travel time spent in this place.
 D = Time resting spent in this place.
 E = Time spent auto-exploring this place.
 F = Levels seen in this place.
 G = Mean time per level.
                   A        B        C        D        E       F      G
               +--------+--------+--------+--------+--------+-----+--------+
         Total |   4956 |   4848 |    108 |     93 |   4087 |   7 |  708.0 |
       Dungeon |   4917 |   4809 |    108 |     93 |   4087 |   6 |  819.5 |
        Temple |     38 |     38 |      0 |      0 |      0 |   1 |   38.0 |
               +--------+--------+--------+--------+--------+-----+--------+

Top non-repeatable levels by time:
     D:3: 961 daAuts
     D:4: 930 daAuts
     D:5: 887 daAuts
     D:1: 738 daAuts
     D:2: 704 daAuts
     D:6: 694 daAuts
  Temple: 38 daAuts
